 Dungeon Crawl Stone Soup version 0.22-a0-305-gd21a89c (webtiles) character file.

370 Moebius the Poker (level 7, -2/53 HPs)
             Began as a Formicid Gladiator on Mar 29, 2018.
             Slain by a mummy (11 damage)
             ... in an ossuary.
             The game lasted 00:07:03 (2174 turns).

Moebius the Poker (Formicid Gladiator)              Turns: 2174, Time: 00:07:04

Health: -2/53      AC:  7    Str: 19    XL:     7   Next: 2%
Magic:  7/7        EV: 12    Int:  7    God:
Gold:   40         SH:  0    Dex: 14    Spells: 6/6 levels left

rFire    . . .     SeeInvis +   m - +2 scythe (freeze)
rCold    . . .     Gourm    .   (no shield)
rNeg     . . .     Faith    .   b - +1 leather armour
rPois    .         Spirit   .   (helmet unavailable)
rElec    .         Reflect  .   (no cloak)
rCorr    .         Harm     .   (no gloves)
MR       .....                  l - +2 pair of boots
Stlth    +.........             (no amulet)
HPRegen  0.17/turn              (no ring)
MPRegen  0.10/turn              (no ring)

@: no status effects
A: permanent stasis, dig shafts and tunnels, four strong arms, antennae 3
a: Dig, Shaft Self


You were in an ossuary.
You were not hungry.

You visited 1 branch of the dungeon, and saw 4 of its levels.
You also visited: Ossuary.

You collected 40 gold pieces.

Inventory:

Hand Weapons
 a - a +0 trident
 e - a +0 hunting sling
 m - a +2 scythe of freezing (weapon)
 o - a +0 lajatang
Missiles
 c - 2 throwing nets
 k - 27 sling bullets
 q - 3 javelins (quivered)
Armour
 b - a +1 leather armour (worn)
 f - a +0 plate armour
 l - a +2 pair of boots (worn)
Jewellery
 j - an uncursed ring of protection from fire
Scrolls
 h - a scroll of remove curse
 i - 2 scrolls of identify
 n - 2 scrolls of fear
Potions
 g - a potion of resistance
Comestibles
 d - 3 rations
 p - 6 chunks of flesh


   Skills:
 + Level 3.8 Fighting
 + Level 6.6 Polearms
 - Level 2.0 Throwing
 - Level 2.6 Dodging


You had 6 spell levels left.
You didn't know any spells.

Dungeon Overview and Level Annotations

Branches:
Dungeon (4/15)
 Temple: D:4-7

Altars:
Kikubaaqudgha


Innate Abilities, Weirdness & Mutations

You cannot be hasted, slowed, berserked, paralysed or teleported.
You can dig through walls and to a lower floor.
Your four strong arms can wield two-handed weapons with a shield.
You have a pair of large antennae on your head. (SInv)


Message History

You are too injured to fight recklessly!
You are too injured to fight recklessly!
You are too injured to fight recklessly!
You slash the mummy! You freeze the mummy.
The mummy is almost destroyed.
The mummy closely misses you. The mummy hits you!
* * * LOW HITPOINT WARNING * * *
You hit the mummy.
The mummy is almost destroyed.
The mummy closely misses you. The mummy barely misses you.
You barely miss the mummy.
The mummy is almost destroyed.
The mummy hits you but does no damage. The mummy closely misses you.
You barely miss the mummy.
The mummy is almost destroyed.
The mummy closely misses you. The mummy barely misses you.
You barely miss the mummy.
The mummy is almost destroyed.
The mummy hits you!
You die...

##+##
#...#
#.∩.#
#...#
#.@.#
#.MM#
#.....#
#.#.#(#
#######


You could see 2 mummies.

Vanquished Creatures
  Sigmund (D:2)
  A bullfrog skeleton (D:4)
  An orc wizard (D:3)
  Jessica (D:2)
  Natasha (thrice) (D:2)
  A mummy (Ossuary)
  An adder (D:2)
  A dart slug (D:1)
  4 orcs (D:3)
  2 bats (D:1)
  2 giant cockroaches
  2 goblins
  2 hobgoblins
  4 jackals (D:1)
  A quokka (D:2)
  A frilled lizard (D:1)
  5 kobolds
  2 rats (D:2)
35 creatures vanquished.

Notes
Turn   | Place    | Note
-------+----------+-------------------------------------------
     0 | D:1      | Moebius the Formicid Gladiator began the quest for the Orb.
     0 | D:1      | Reached XP level 1. HP: 16/16 MP: 1/1
   180 | D:2      | Reached XP level 2. HP: 11/23 MP: 2/2
   214 | D:1      | Reached XP level 3. HP: 10/28 MP: 3/3
  1126 | D:1      | Reached skill level 4 in Polearms
  1279 | D:2      | Noticed Jessica
  1296 | D:2      | Killed Jessica
  1296 | D:2      | Reached XP level 4. HP: 32/34 MP: 4/4
  1515 | D:2      | Found an ancient bone altar of Kikubaaqudgha.
  1630 | D:2      | Noticed Sigmund
  1648 | D:2      | Killed Sigmund
  1648 | D:2      | Reached skill level 5 in Polearms
  1648 | D:2      | Reached XP level 5. HP: 30/41 MP: 5/5
  1648 | D:2      | Reached XP level 6. HP: 34/47 MP: 6/6
  1718 | D:2      | Noticed Natasha
  1727 | D:2      | Killed Natasha
  1727 | D:2      | Reached skill level 6 in Polearms
  1832 | D:2      | Noticed Natasha
  1836 | D:2      | Killed Natasha
  1994 | D:2      | Noticed Natasha
  2000 | D:2      | Killed Natasha
  2156 | D:4      | Found a sand-covered staircase.
  2162 | Ossuary  | Entered an ossuary
  2168 | Ossuary  | Reached XP level 7. HP: 31/53 MP: 7/7
  2174 | Ossuary  | Slain by a mummy

Vault maps used:
D:1:      lightli_arrival_chessboard, corner_web_ring
D:2:      lemuel_coloured_pillars_altar, uniq_natasha, uniq_jessica,
          uniq_sigmund
D:3:      tso_metal_star, nicolae_overflow_crystal_walls, okawaru_trees_1,
          old_standard_altar
D:4:      marbit_many_paths, demons_altar,
          nicolae_ossuary_entry_false_entrances, first_ration
Ossuary:  ossuary_minmay_chase

Skill      XL: |  1  2  3  4  5  6 |
---------------+-------------------+-----
Polearms       | 4 5 6 |  6.6
Fighting       | 3 |  3.8
Throwing       | |  2.0
Dodging        | |  2.6

Action                   |  1- 3 |  4- 6 |  7- 9 || total
-------------------------+-------+-------+-------++-------
Melee: Trident           |    58 |    17 |       ||    75
       Scythe            |       |    51 |     6 ||    57
Throw: Throwing net      |       |     1 |       ||     1
       Javelin           |       |     2 |       ||     2
  Use: Potion            |     1 |     2 |       ||     3
       Scroll            |       |     3 |       ||     3
 Stab: Sleeping          |       |     2 |       ||     2
       Held in net/web   |       |     1 |       ||     1
  Eat: Chunk             |     1 |     3 |       ||     4
Armor: Leather armour    |    12 |    23 |     2 ||    37
Dodge: Dodged            |    37 |    40 |     8 ||    85

Table legend:
 A = Spawn XP
 B = Non-spawn XP
 C = Spawn XP percentage of total XP
 D = Spawn monster count
 E = Non-spawn monster count
 F = Spawn count percentage of total count
 G = Total turns spent on level
                    A         B        C        D         E        F      G
               +---------+---------+-------+---------+---------+-------+---------
         Total |       0 |     529 |   0.0 |       0 |      35 |   0.0 |  2174
               +---------+---------+-------+---------+---------+-------+---------
           D:1 |       0 |      28 |   0.0 |       0 |      15 |   0.0 |  1218
           D:2 |       0 |     384 |   0.0 |       0 |      10 |   0.0 |   809
           D:3 |       0 |      57 |   0.0 |       0 |       8 |   0.0 |    94
           D:4 |       0 |      42 |   0.0 |       0 |       1 |   0.0 |    41
       Ossuary |       0 |      18 |   0.0 |       0 |       1 |   0.0 |    12
               +---------+---------+-------+---------+---------+-------+---------
